[ AOE2 MATCH · #513820947 ]
UnrankedGeorgians vs Ethiopians
Player's team · LOSS
[ REPLAY ANALYSIS · EXTRACTED FROM THE RECORDED GAME ]
Feudal
11:48
Castle
16:22
Imperial
43:09
| APM avg | 34.1 |
| APM peak | 84 |
| eAPM avg | 22.9 |
| Villagers / military | 108 / 38 |
Focus
⚔️ 26.1% · 🌾 73.9%
Monaspa ×33 · Militia ×3 · Trebuchet (Packed) ×2
Feudal
9:43
Castle
22:53
Imperial
41:49
| APM avg | 31.1 |
| APM peak | 61 |
| eAPM avg | 14.7 |
| Villagers / military | 122 / 130 |
Focus
⚔️ 23.0% · 🌾 77.0%
Archer ×112 · Mangonel ×6 · Battering Ram ×5 · Trebuchet (Packed) ×4 · Militia ×3
Match map
Initial resources + every placement click. Lines = walls · curves = elevation contours. ◆ gold · ⬟ stone · ● berries · ✦ relic · ◌ wall gap
Your base· Open — 5t gap
Grospoilu's base· Open — 4t gap
Smoothed initial terrain · ◌ = detected wall gap · hover for details
Inputs per minute
— 村口最强 - - Grospoilu
Build order — 村口最强
First 150 of 248 actions detected
| 0:04 | Queue | Villager (Male) |
| 0:04 | Queue | Villager (Male) |
| 0:05 | Queue | Villager (Male) |
| 0:05 | Queue | Villager (Male) |
| 0:05 | Queue | Villager (Male) |
| 0:06 | Build | House |
| 0:08 | Build | House |
| 1:31 | Queue | Villager (Male) |
| 1:59 | Queue | Villager (Male) |
| 2:21 | Queue | Villager (Male) |
| 3:11 | Queue | Villager (Male) |
| 3:23 | Build | House |
| 3:32 | Queue | Villager (Male) |
| 3:58 | Queue | Villager (Male) |
| 4:15 | Build | Mule Cart |
| 4:25 | Queue | Villager (Male) |
| 5:11 | Queue | Villager (Male) |
| 5:21 | Build | Barracks |
| 5:43 | Queue | Villager (Male) |
| 5:44 | Queue | Villager (Male) |
| 6:13 | Build | Mill |
| 6:20 | Queue | Villager (Male) |
| 6:25 | Queue | Militia |
| 6:26 | Queue | Villager (Male) |
| 6:28 | Build | House |
| 6:31 | Queue | Militia |
| 6:31 | Queue | Militia |
| 6:59 | Build | House |
| 7:24 | Queue | Villager (Male) |
| 7:24 | Queue | Villager (Male) |
| 7:41 | Build | Palisade Wall |
| 9:13 | Queue | Villager (Male) |
| 9:15 | Research | Loom |
| 9:19 | Research | Feudal Age |
| 9:55 | Build | Palisade Wall |
| 11:20 | Queue | Villager (Male) |
| 11:27 | Build | House |
| 11:44 | Queue | Villager (Male) |
| 11:48 | Age | Feudal Age |
| 11:49 | Build | Farm |
| 11:52 | Build | Farm |
| 12:13 | Build | Market |
| 12:31 | Research | Loom |
| 12:42 | Build | Blacksmith |
| 13:07 | Queue | Villager (Male) |
| 13:43 | Research | Castle Age |
| 14:14 | Build | Watch Tower |
| 15:52 | Build | Watch Tower |
| 15:58 | Build | Farm |
| 16:08 | Build | Farm |
| 16:12 | Research | Double-Bit Axe |
| 16:16 | Build | Farm |
| 16:22 | Age | Castle Age |
| 16:24 | Queue | Villager (Male) |
| 16:24 | Queue | Villager (Male) |
| 17:24 | Build | Town Center |
| 17:27 | Queue | Villager (Male) |
| 17:33 | Build | Farm |
| 17:55 | Queue | Villager (Male) |
| 18:00 | Queue | Villager (Male) |
| 18:32 | Queue | Villager (Male) |
| 18:47 | Queue | Villager (Male) |
| 18:59 | Build | Monastery |
| 19:09 | Queue | Villager (Male) |
| 19:12 | Build | Farm |
| 19:20 | Build | Farm |
| 19:26 | Queue | Villager (Male) |
| 19:41 | Queue | Villager (Male) |
| 19:57 | Build | Farm |
| 19:58 | Queue | Villager (Male) |
| 20:09 | Queue | Villager (Male) |
| 20:19 | Build | Town Center |
| 20:31 | Queue | Villager (Male) |
| 20:32 | Queue | Villager (Male) |
| 20:39 | Queue | Villager (Male) |
| 20:45 | Research | Horse Collar |
| 20:53 | Build | House |
| 21:15 | Build | Farm |
| 21:18 | Research | Stone Mining |
| 22:15 | Build | Monastery |
| 22:24 | Queue | Villager (Male) |
| 22:24 | Queue | Villager (Male) |
| 22:26 | Queue | Villager (Male) |
| 22:42 | Queue | Villager (Male) |
| 22:42 | Queue | Villager (Male) |
| 22:46 | Build | Farm |
| 22:48 | Build | Farm |
| 23:01 | Build | Mule Cart |
| 23:07 | Queue | Villager (Male) |
| 23:07 | Queue | Villager (Male) |
| 23:13 | Build | Farm |
| 23:32 | Build | Farm |
| 23:34 | Queue | Villager (Male) |
| 23:37 | Build | Farm |
| 23:50 | Queue | Villager (Male) |
| 23:54 | Queue | Villager (Male) |
| 24:26 | Queue | Villager (Male) |
| 24:26 | Queue | Villager (Male) |
| 24:54 | Build | Castle |
| 25:23 | Queue | Villager (Male) |
| 25:23 | Queue | Villager (Male) |
| 25:24 | Queue | Villager (Male) |
| 25:47 | Research | Fletching |
| 26:12 | Queue | Villager (Male) |
| 26:12 | Queue | Villager (Male) |
| 26:12 | Queue | Villager (Male) |
| 26:16 | Queue | Villager (Male) |
| 26:16 | Queue | Villager (Male) |
| 26:43 | Queue | Villager (Male) |
| 26:44 | Queue | Villager (Male) |
| 27:25 | Queue | Monaspa |
| 27:26 | Queue | Monaspa |
| 27:26 | Queue | Monaspa |
| 27:37 | Build | University |
| 28:01 | Queue | Villager (Male) |
| 28:02 | Queue | Villager (Male) |
| 28:05 | Queue | Villager (Male) |
| 28:25 | Build | Farm |
| 28:27 | Build | Farm |
| 28:28 | Build | Farm |
| 28:29 | Build | Farm |
| 28:37 | Queue | Villager (Male) |
| 28:50 | Build | Monastery |
| 28:54 | Queue | Villager (Male) |
| 29:01 | Build | Farm |
| 29:07 | Queue | Villager (Male) |
| 29:07 | Queue | Villager (Male) |
| 29:11 | Build | Farm |
| 29:41 | Queue | Villager (Male) |
| 29:41 | Queue | Villager (Male) |
| 29:44 | Queue | Monaspa |
| 29:45 | Queue | Monaspa |
| 30:02 | Queue | Monaspa |
| 30:26 | Queue | Monaspa |
| 30:26 | Queue | Monaspa |
| 30:31 | Queue | Villager (Male) |
| 30:44 | Queue | Villager (Male) |
| 31:02 | Build | Mill |
| 31:04 | Build | Farm |
| 31:12 | Build | Farm |
| 31:16 | Build | Farm |
| 31:20 | Queue | Villager (Male) |
| 31:27 | Queue | Villager (Male) |
| 31:28 | Queue | Villager (Male) |
| 31:32 | Research | Gold Mining |
| 31:55 | Queue | Monaspa |
| 31:55 | Queue | Monaspa |
| 32:07 | Queue | Villager (Male) |
| 32:07 | Queue | Villager (Male) |
| 32:26 | Build | Farm |
Build order — Grospoilu
First 150 of 324 actions detected
| 0:01 | Queue | Villager (Male) |
| 0:01 | Queue | Villager (Male) |
| 0:03 | Build | House |
| 0:06 | Build | House |
| 0:08 | Queue | Villager (Male) |
| 0:19 | Queue | Villager (Male) |
| 0:19 | Queue | Villager (Male) |
| 1:24 | Queue | Villager (Male) |
| 1:49 | Build | Lumber Camp |
| 2:08 | Queue | Villager (Male) |
| 2:22 | Queue | Villager (Male) |
| 2:53 | Queue | Villager (Male) |
| 3:05 | Queue | Villager (Male) |
| 3:37 | Queue | Villager (Male) |
| 4:03 | Build | House |
| 4:11 | Queue | Villager (Male) |
| 4:18 | Build | Mill |
| 4:27 | Queue | Villager (Male) |
| 4:27 | Queue | Villager (Male) |
| 4:56 | Queue | Villager (Male) |
| 4:56 | Queue | Villager (Male) |
| 5:25 | Queue | Villager (Male) |
| 5:26 | Queue | Villager (Male) |
| 5:44 | Queue | Villager (Male) |
| 6:09 | Build | House |
| 6:17 | Queue | Villager (Male) |
| 6:18 | Research | Loom |
| 6:52 | Build | Barracks |
| 7:33 | Research | Feudal Age |
| 7:58 | Queue | Militia |
| 7:58 | Queue | Militia |
| 8:06 | Build | Palisade Wall |
| 8:44 | Queue | Militia |
| 9:18 | Queue | Villager (Male) |
| 9:33 | Build | House |
| 9:39 | Queue | Villager (Male) |
| 9:43 | Age | Feudal Age |
| 9:50 | Build | Archery Range |
| 9:52 | Queue | Villager (Male) |
| 9:58 | Build | Mining Camp |
| 10:10 | Build | Palisade Wall |
| 10:36 | Queue | Archer |
| 10:36 | Queue | Archer |
| 10:36 | Queue | Archer |
| 10:37 | Queue | Archer |
| 10:43 | Queue | Villager (Male) |
| 10:51 | Build | Palisade Wall |
| 11:46 | Queue | Villager (Male) |
| 11:53 | Queue | Villager (Male) |
| 11:57 | Queue | Archer |
| 12:10 | Build | Archery Range |
| 12:13 | Queue | Villager (Male) |
| 12:27 | Build | Palisade Wall |
| 12:38 | Build | House |
| 12:53 | Queue | Archer |
| 13:05 | Queue | Archer |
| 13:05 | Queue | Archer |
| 13:06 | Queue | Archer |
| 13:07 | Queue | Villager (Male) |
| 13:22 | Queue | Villager (Male) |
| 13:28 | Build | Mill |
| 13:46 | Build | House |
| 13:51 | Build | Farm |
| 13:52 | Build | Farm |
| 13:53 | Build | Farm |
| 14:13 | Queue | Villager (Male) |
| 14:24 | Build | Farm |
| 14:25 | Build | Farm |
| 14:26 | Build | Farm |
| 14:26 | Build | Farm |
| 14:27 | Build | Farm |
| 14:47 | Queue | Villager (Male) |
| 15:10 | Queue | Villager (Male) |
| 15:25 | Queue | Villager (Male) |
| 15:30 | Build | Farm |
| 15:31 | Build | Farm |
| 15:50 | Queue | Villager (Male) |
| 16:01 | Build | House |
| 16:20 | Queue | Villager (Male) |
| 16:26 | Build | Palisade Wall |
| 16:27 | Build | Palisade Wall |
| 16:28 | Queue | Villager (Male) |
| 16:32 | Build | Farm |
| 16:34 | Build | Farm |
| 16:44 | Queue | Archer |
| 16:44 | Queue | Archer |
| 16:44 | Queue | Archer |
| 16:44 | Queue | Archer |
| 16:45 | Queue | Archer |
| 17:05 | Build | Farm |
| 17:06 | Build | Farm |
| 17:22 | Build | Farm |
| 17:30 | Queue | Villager (Male) |
| 17:31 | Queue | Villager (Male) |
| 17:38 | Build | House |
| 17:49 | Research | Wheelbarrow |
| 18:00 | Build | Palisade Gate |
| 18:19 | Queue | Villager (Male) |
| 18:20 | Queue | Villager (Male) |
| 18:31 | Queue | Archer |
| 18:32 | Queue | Archer |
| 18:52 | Queue | Villager (Male) |
| 19:01 | Build | Market |
| 19:32 | Queue | Villager (Male) |
| 19:39 | Queue | Archer |
| 19:39 | Queue | Archer |
| 19:40 | Queue | Archer |
| 19:45 | Build | House |
| 20:13 | Research | Castle Age |
| 20:26 | Build | Blacksmith |
| 20:38 | Queue | Villager (Male) |
| 20:39 | Queue | Villager (Male) |
| 20:46 | Research | Double-Bit Axe |
| 20:53 | Queue | Archer ×4 |
| 20:54 | Queue | Archer ×4 |
| 21:20 | Queue | Villager (Male) |
| 21:27 | Build | House |
| 21:30 | Build | Palisade Wall |
| 21:43 | Research | Fletching |
| 22:03 | Queue | Villager (Male) |
| 22:09 | Queue | Villager (Male) |
| 22:18 | Queue | Archer |
| 22:18 | Queue | Archer |
| 22:19 | Queue | Archer |
| 22:53 | Age | Castle Age |
| 22:54 | Queue | Villager (Male) |
| 22:57 | Research | Crossbowman (upgrade) |
| 23:06 | Research | Thumb Ring |
| 23:13 | Queue | Archer |
| 23:15 | Queue | Villager (Male) |
| 23:15 | Queue | Villager (Male) |
| 23:27 | Queue | Villager (Male) |
| 23:58 | Build | Siege Workshop |
| 24:02 | Queue | Villager (Male) |
| 24:14 | Build | Lumber Camp |
| 24:24 | Build | House |
| 24:48 | Queue | Mangonel |
| 26:00 | Queue | Villager (Male) |
| 26:01 | Queue | Villager (Male) |
| 26:03 | Queue | Archer ×4 |
| 26:03 | Queue | Archer ×4 |
| 26:46 | Queue | Battering Ram |
| 27:24 | Build | Siege Workshop |
| 27:34 | Queue | Villager (Male) |
| 27:34 | Queue | Villager (Male) |
| 27:35 | Queue | Villager (Male) |
| 27:37 | Queue | Villager (Male) |
| 27:40 | Queue | Villager (Male) |
| 27:53 | Build | Town Center |
| 28:00 | Build | Town Center |
Match timeline
| 5:21 | 村口最强 · first_building Barracks |
| 6:52 | Grospoilu · first_building Barracks |
| 7:41 | 村口最强 · wall_segment Palisade Wall x10 |
| 8:06 | Grospoilu · wall_segment Palisade Wall x10 |
| 9:43 | Grospoilu · age_up feudal |
| 9:50 | Grospoilu · first_building Archery Range |
| 9:55 | 村口最强 · wall_segment Palisade Wall x7 |
| 10:10 | Grospoilu · wall_segment Palisade Wall x8 |
| 10:51 | Grospoilu · wall_segment Palisade Wall x5 |
| 11:48 | 村口最强 · age_up feudal |
| 12:27 | Grospoilu · wall_segment Palisade Wall x8 |
| 15:48 | 村口最强 · first_market_buy 100 stone |
| 16:22 | 村口最强 · age_up castle |
| 16:26 | Grospoilu · wall_segment Palisade Wall x5 |
| 16:27 | Grospoilu · wall_segment Palisade Wall x4 |
| 18:59 | 村口最强 · first_building Monastery |
| 21:30 | Grospoilu · wall_segment Palisade Wall x9 |
| 22:53 | Grospoilu · age_up castle |
| 23:49 | Grospoilu · first_market_buy 100 wood |
| 23:58 | Grospoilu · first_building Siege Workshop |
| 24:54 | 村口最强 · first_building Castle |
| 30:35 | 村口最强 · first_market_sell 100 stone |
| 36:58 | Grospoilu · first_building Castle |
| 37:32 | 村口最强 · first_building Stable |
| 41:49 | Grospoilu · age_up imperial |
| 43:09 | 村口最强 · age_up imperial |
| 45:09 | 村口最强 · resign |
[ AI ANALYSIS · 1 CREDIT ]
What really happened in this match?
Wolo.gg analyzes every decision: build order, eco, micro, common mistakes by bracket. Personalized analysis on WhatsApp or Discord in 30 seconds.
Civ guide
Georgians
Perfil
Jugador #1479193